[Event "European Online Club-ch-F 2021"]
[Site "Online"]
[Date "2021.03.27"]
[Round "5.12"]
[White "Hamdouchi, Hicham"]
[Black "Kamer, Kayra"]
[Result "1-0"]
[ECO "A45"]
[WhiteElo "2561"]
[BlackElo "2339"]
[Annotator "ChessBase"]
[PlyCount "95"]
[EventDate "2021.03.27"]
[EventType "team-tourn"]
[EventCountry "NET"]
[SourceTitle "playchess.com"]
[Source "ChessBase"]
[SourceQuality "1"]
[TimeControl "900+5"]

1. d4 Nf6 2. Bf4 g6 3. Nc3 d5 4. e3 Bg7 5. h4 O-O 6. h5 c5 7. hxg6 fxg6 8. Nf3 cxd4 9. Nxd4 Nc6 10. Nb3 e5 11. Bg5 d4 12. Bc4+ Kh8 13. exd4 exd4 14. Ne2 Qb6 15. Nf4 Bf5 16. Bd3 Rae8+ 17. Kf1 Ne4 18. Nd5 Nxf2 19. Kxf2 Bxd3+ 20. Kg1 Qb5 21. Qxd3 Qxd5 22. Qxg6 Qg8 23. Rh3 Ne5 24. Qh5 Nc4 25. Kh1 Rf5 26. Qg4 Ref8 27. Nxd4 Rf1+ 28. Rxf1 Rxf1+ 29. Kh2 Be5+ 30. g3 Qf8 31. Bf4 Bxd4 32. Qd7 Bg7 33. Qd3 h6 34. Qxf1 Ne5 35. Qe2 Nf7 36. Qe6 Qc5 37. Qe8+ Bf8 38. Qe2 Bg7 39. Rh4 Bf6 40. Rh5 Qc6 41. Bxh6 Nxh6 42. Rxh6+ Kg7 43. Rh5 Qa4 44. Qd3 Qg4 45. Rd5 Kh6 46. c3 a6 47. Rf5 Kg7 48. Qf3 1-0

[Event "European Online Club-ch-F 2021"]
[Site "Online"]
[Date "2021.03.27"]
[Round "5.13"]
[White "Hellers, Ferdinand"]
[Black "Gorodetzky, Matan"]
[Result "0-1"]
[ECO "C08"]
[WhiteElo "2592"]
[BlackElo "2253"]
[Annotator "ChessBase"]
[PlyCount "56"]
[EventDate "2021.03.27"]
[EventType "team-tourn"]
[EventCountry "NET"]
[SourceTitle "playchess.com"]
[Source "ChessBase"]
[SourceQuality "1"]
[TimeControl "900+5"]

1. e4 e6 2. d4 d5 3. Nd2 c5 4. exd5 exd5 5. Ngf3 a6 6. Be2 Nf6 7. O-O Be7 8. dxc5 Bxc5 9. Nb3 Bb6 10. Bg5 O-O 11. c3 Nc6 12. Bxf6 Qxf6 13. Qxd5 h6 14. Rad1 Be6 15. Qe4 Rfe8 16. Bc4 Bf5 17. Qf4 Re4 18. Bxf7+ Qxf7 19. Qc1 Bg4 20. Nbd2 Re2 21. h3 Bh5 22. Rde1 Rae8 23. Rxe2 Rxe2 24. Qd1 Qe7 25. b4 Ne5 26. g4 Nxf3+ 27. Nxf3 Bf7 28. a4 Qe4 0-1

[Event "European Online Club-ch-F 2021"]
[Site "Online"]
[Date "2021.03.27"]
[Round "5.14"]
[White "Katkov, Michelle"]
[Black "Moreau, Teodor"]
[Result "1-0"]
[ECO "B22"]
[WhiteElo "2078"]
[BlackElo "2329"]
[Annotator "NA"]
[PlyCount "61"]
[EventDate "2021.03.27"]
[EventType "team-tourn"]
[EventCountry "NET"]
[SourceTitle "playchess.com"]
[Source "ChessBase"]
[SourceQuality "1"]
[TimeControl "900+5"]

1. e4 c5 2. c3 d5 3. exd5 Qxd5 4. d4 Nf6 5. Nf3 e6 6. Be2 Be7 7. O-O O-O 8. c4 Qd8 9. dxc5 Bxc5 10. Nc3 Nc6 11. a3 b6 12. b4 Be7 13. Bf4 Bb7 14. Nb5 Nh5 15. Bc7 Qc8 16. Bd6 Rd8 17. c5 bxc5 18. bxc5 Nf4 19. Rb1 Ba6 20. Bc4 Na5 21. Qc1 Ng6 22. Be2 Nb7 23. Bxe7 Nxe7 24. Rd1 Qxc5 25. Qxc5 Nxc5 26. Rdc1 Rac8 27. Nxa7 Bxe2 28. Nxc8 Rxc8 29. Rb2 Bd3 30. Ne5 Bg6 31. Rb5 1-0

[Event "European Online Club-ch-F 2021"]
[Site "Online"]
[Date "2021.03.27"]
[Round "5.15"]
[White "Reizniece-Ozola, Dana"]
[Black "Stolyarsky, Yegor"]
[Result "1-0"]
[ECO "E62"]
[WhiteElo "2279"]
[BlackElo "2063"]
[Annotator "NA"]
[PlyCount "85"]
[EventDate "2021.03.27"]
[EventType "team-tourn"]
[EventCountry "NET"]
[SourceTitle "playchess.com"]
[Source "ChessBase"]
[SourceQuality "1"]
[TimeControl "900+5"]

1. c4 Nf6 2. g3 g6 3. Bg2 Bg7 4. Nf3 O-O 5. O-O d6 6. Nc3 c6 7. d4 Bf5 8. h3 Ne4 9. Nd2 Nxd2 10. Qxd2 Na6 11. b3 e5 12. d5 Rc8 13. Bb2 Qe7 14. Rad1 Rfd8 15. g4 Bd7 16. dxc6 Bxc6 17. Nd5 Bxd5 18. Bxd5 Nc5 19. e3 Qh4 20. Bg2 h5 21. Qe2 hxg4 22. Qxg4 Qxg4 23. hxg4 Kf8 24. Rd5 Ke7 25. Rfd1 a5 26. f4 Ne6 27. Rxa5 Ra8 28. Rxa8 Rxa8 29. fxe5 dxe5 30. a4 Rb8 31. Ba3+ Ke8 32. Bd6 Rd8 33. Bxb7 f5 34. gxf5 gxf5 35. b4 Bh6 36. Kf2 f4 37. exf4 Bxf4 38. c5 Kf7 39. a5 Rh8 40. Rh1 Rg8 41. a6 Bg3+ 42. Kf1 Rg4 43. a7 1-0

[Event "European Online Club-ch-F 2021"]
[Site "Online"]
[Date "2021.03.27"]
[Round "5.16"]
[White "Gleizer, Adar"]
[Black "Grandell, Anders"]
[Result "1/2-1/2"]
[ECO "B36"]
[WhiteElo "1833"]
[BlackElo "2296"]
[Annotator "NA"]
[PlyCount "113"]
[EventDate "2021.03.27"]
[EventType "team-tourn"]
[EventCountry "NET"]
[SourceTitle "playchess.com"]
[Source "ChessBase"]
[SourceQuality "1"]
[TimeControl "900+5"]

1. e4 c5 2. Nf3 g6 3. c4 Nc6 4. d4 cxd4 5. Nxd4 Nf6 6. Nc3 d6 7. Be2 Nxd4 8. Qxd4 Bg7 9. Be3 O-O 10. Qd2 Be6 11. O-O Qa5 12. f3 Rfc8 13. Nd5 Qxd2 14. Bxd2 Bxd5 15. exd5 b5 16. Rac1 bxc4 17. Bxc4 Rab8 18. Bb3 Nd7 19. Rxc8+ Rxc8 20. Rc1 Rxc1+ 21. Bxc1 Bd4+ 22. Kf1 Nb6 23. Ke2 Kg7 24. Kd3 Bg1 25. h3 f5 26. Be3 Bxe3 27. Kxe3 Kf6 28. f4 g5 29. g3 Nd7 30. Bc2 h6 31. b4 h5 32. a4 Nf8 33. a5 e6 34. b5 exd5 35. b6 axb6 36. a6 Ne6 37. a7 Nc7 38. Ba4 h4 39. gxh4 gxf4+ 40. Kxf4 d4 41. Bc6 Kg6 42. a8=Q Nxa8 43. Bxa8 b5 44. Bc6 b4 45. Bd7 b3 46. Bxf5+ Kh5 47. Kg3 b2 48. Bd3 Kh6 49. Kg4 Kg7 50. Kg5 Kh8 51. Kg6 Kg8 52. h5 Kh8 53. Kf7 d5 54. Kf8 b1=Q 55. Bxb1 d3 56. Bxd3 d4 57. Kf7 1/2-1/2

[Event "European Online Club-ch-F 2021"]
[Site "Online"]
[Date "2021.03.27"]
[Round "5.17"]
[White "Sochacki, Christophe"]
[Black "Isik, Alparslan"]
[Result "1-0"]
[ECO "D00"]
[WhiteElo "2477"]
[BlackElo "2321"]
[Annotator "ChessBase"]
[PlyCount "117"]
[EventDate "2021.03.27"]
[EventType "team-tourn"]
[EventCountry "NET"]
[SourceTitle "playchess.com"]
[Source "ChessBase"]
[SourceQuality "1"]
[TimeControl "900+5"]

1. d4 Nf6 2. Nc3 d5 3. Bf4 e6 4. Nf3 a6 5. e3 c5 6. Ne5 b5 7. g4 Bb7 8. Bg2 Nc6 9. h4 Be7 10. g5 Nd7 11. Qh5 Ndxe5 12. dxe5 b4 13. Ne2 O-O 14. Qg4 Qc7 15. Qg3 d4 16. h5 Na5 17. g6 Bxg2 18. gxh7+ Kxh7 19. Qxg2 Qc6 20. e4 Rad8 21. O-O-O Kh8 22. Rdg1 Rg8 23. Bd2 d3 24. cxd3 Qa4 25. Kb1 Rxd3 26. Bh6 Nc4 27. Nc1 b3 28. a3 Nxa3+ 29. bxa3 Qxa3 30. f3 Rc3 31. Qb2 Qxb2+ 32. Kxb2 Rxf3 33. Bd2 c4 34. Rf1 Rxf1 35. Rxf1 Rd8 36. Ba5 Rd7 37. Ne2 Bc5 38. Kc3 Rb7 39. Kxc4 b2 40. Nc3 Be3 41. Rb1 Bc1 42. Na4 Rb8 43. Bc3 Rc8+ 44. Kd3 Rd8+ 45. Kc2 Kh7 46. Nxb2 Bg5 47. Ra1 Ra8 48. Rf1 Ra7 49. Bd4 Rc7+ 50. Kd3 Kh6 51. Nc4 Kxh5 52. Ra1 Rc6 53. Bb6 Bf4 54. Rxa6 g5 55. Ra7 Kg6 56. Rc7 Rxc7 57. Bxc7 f6 58. Ke2 g4 59. Kf2 1-0

[Event "European Online Club-ch-F 2021"]
[Site "Online"]
[Date "2021.03.27"]
[Round "5.18"]
[White "Karaoglan, Doruk"]
[Black "Maatoug, Redwan"]
[Result "1/2-1/2"]
[ECO "B25"]
[WhiteElo "2230"]
[BlackElo "2202"]
[Annotator "NA"]
[PlyCount "132"]
[EventDate "2021.03.27"]
[EventType "team-tourn"]
[EventCountry "NET"]
[SourceTitle "playchess.com"]
[Source "ChessBase"]
[SourceQuality "1"]
[TimeControl "900+5"]

1. e4 c5 2. Nc3 Nc6 3. g3 g6 4. Bg2 Bg7 5. d3 d6 6. f4 Nf6 7. Nf3 O-O 8. O-O Rb8 9. h3 b5 10. g4 b4 11. Ne2 c4 12. Be3 cxd3 13. cxd3 Bb7 14. Ng3 Nd7 15. d4 e5 16. d5 Na5 17. f5 Nc4 18. Bc1 Qb6+ 19. Rf2 Ne3 20. Qe2 Nxg2 21. Kxg2 Ba6 22. Qd1 Nc5 23. Ne1 Rfc8 24. Be3 Qb5 25. Qf3 Rc7 26. h4 Nd3 27. Nxd3 Qxd3 28. Rd1 Qb5 29. h5 b3 30. a3 Rc2 31. hxg6 Rxf2+ 32. Qxf2 hxg6 33. f6 Bf8 34. Kf3 Rc8 35. Rd2 Rc2 36. Rxc2 bxc2 37. Qxc2 Bb7 38. Bxa7 Bh6 39. Be3 Bxe3 40. Kxe3 Qb6+ 41. Kf3 Qd4 42. Ne2 Qb6 43. Nc3 Qg1 44. Qf2 Qh1+ 45. Kg3 Bc8 46. a4 Qa1 47. Qd2 Qg1+ 48. Qg2 Qe3+ 49. Qf3 Qg1+ 50. Qg2 Qe3+ 51. Kh2 Qh6+ 52. Qh3 Qd2+ 53. Kg1 Qe1+ 54. Qf1 Qg3+ 55. Qg2 Qe1+ 56. Kh2 Qh4+ 57. Qh3 Qf2+ 58. Kh1 Qxf6 59. Kg2 Qf4 60. Qf3 Qd2+ 61. Qf2 Qg5 62. a5 Bxg4 63. Qg3 Qd2+ 64. Qf2 Qg5 65. Kf1 Qc1+ 66. Kg2 Qg5 1/2-1/2

[Event "European Online Club-ch-F 2021"]
[Site "Online"]
[Date "2021.03.27"]
[Round "5.19"]
[White "Cantin, Loic"]
[Black "Apaydin, Fethi"]
[Result "0-1"]
[ECO "B06"]
[WhiteElo "2182"]
[BlackElo "2260"]
[Annotator "NA"]
[PlyCount "40"]
[EventDate "2021.03.27"]
[EventType "team-tourn"]
[EventCountry "NET"]
[SourceTitle "playchess.com"]
[Source "ChessBase"]
[SourceQuality "1"]
[TimeControl "900+5"]

1. e4 g6 2. d4 Bg7 3. Nc3 d6 4. Be3 a6 5. f4 b5 6. Bd3 Bb7 7. Nf3 Nf6 8. a3 Nbd7 9. h3 O-O 10. O-O c5 11. e5 Nh5 12. Be4 Qc8 13. Nd5 Re8 14. Kh2 cxd4 15. Qxd4 dxe5 16. fxe5 Qb8 17. Kg1 Nxe5 18. Qd2 Ng3 19. Nxe5 Nxe4 20. Qd3 Qxe5 0-1

[Event "European Online Club-ch-F 2021"]
[Site "Online"]
[Date "2021.03.27"]
[Round "5.20"]
[White "Camlar, Arda"]
[Black "Saatdjian, Stephane"]
[Result "1-0"]
[ECO "A05"]
[WhiteElo "1934"]
[BlackElo "2131"]
[Annotator "NA"]
[PlyCount "115"]
[EventDate "2021.03.27"]
[EventType "team-tourn"]
[EventCountry "NET"]
[SourceTitle "playchess.com"]
[Source "ChessBase"]
[SourceQuality "1"]
[TimeControl "900+5"]

1. g3 c5 2. Bg2 Nc6 3. Nf3 Nf6 4. O-O g6 5. d3 Bg7 6. e4 d6 7. Nbd2 O-O 8. c3 Rb8 9. Qe2 b5 10. a4 b4 11. Nc4 Ba6 12. e5 Nxe5 13. Nfxe5 dxe5 14. Nxe5 Rb6 15. c4 Bb7 16. Bxb7 Rxb7 17. Be3 Qd6 18. Nf3 Rd7 19. d4 cxd4 20. Bxd4 Ne8 21. Rad1 Qc7 22. b3 Bxd4 23. Nxd4 Ng7 24. Nc2 a5 25. Ne3 e6 26. Rxd7 Qxd7 27. Rd1 Qc6 28. Ng4 f6 29. Qd3 h5 30. Ne3 Kh7 31. Qd6 Rc8 32. Qxc6 Rxc6 33. Rd7 Kh6 34. Kf1 g5 35. Ra7 Rc5 36. Rb7 Nf5 37. Rb5 Rxb5 38. cxb5 Nd4 39. b6 Kg6 40. b7 Nc6 41. Nc4 Kf5 42. Nxa5 Nb8 43. Nc4 Ke4 44. Ke2 Kd4 45. Kd2 Kc5 46. Kd3 Kc6 47. Kd4 Kxb7 48. Kc5 Kc7 49. Kxb4 Kc6 50. Kc3 Kd5 51. b4 f5 52. a5 h4 53. gxh4 gxh4 54. Ne3+ Ke4 55. b5 Kf3 56. a6 Nd7 57. Nc4 Kg2 58. a7 1-0

[Event "European Online Club-ch-F 2021"]
[Site "Online"]
[Date "2021.03.27"]
[Round "6.1"]
[White "Pulkkinen, Kari"]
[Black "Isik, Alparslan"]
[Result "0-1"]
[ECO "B92"]
[WhiteElo "2256"]
[BlackElo "2321"]
[Annotator "NA"]
[PlyCount "110"]
[EventDate "2021.03.27"]
[EventType "team-tourn"]
[EventCountry "NET"]
[SourceTitle "playchess.com"]
[Source "ChessBase"]
[SourceQuality "1"]
[TimeControl "900+5"]

1. e4 c5 2. Nf3 d6 3. d4 cxd4 4. Nxd4 Nf6 5. Nc3 a6 6. Be2 e5 7. Nf3 h6 8. a4 Be6 9. Nd2 Qc7 10. O-O Be7 11. a5 O-O 12. Ra4 Nbd7 13. f3 Nc5 14. Ra3 d5 15. b4 dxe4 16. fxe4 Ncd7 17. Nd5 Bxd5 18. exd5 Bxb4 19. Rg3 Nxd5 20. Ne4 Nf4 21. Bxf4 exf4 22. Rb3 Bxa5 23. Qd5 b5 24. Qf5 Qe5 25. Rxf4 Qxf5 26. Rxf5 Rfc8 27. Bd3 Bb6+ 28. Kf1 Nc5 29. Nxc5 Rxc5 30. Rf3 Bc7 31. g3 Re8 32. Kg2 Rb8 33. Rf1 a5 34. Rfb1 b4 35. Kf3 Bd6 36. Ra1 Re5 37. Rbb1 Ra8 38. Ra4 Rae8 39. Rba1 Bc7 40. Rd1 R5e6 41. Ra2 Bb6 42. Kg2 g6 43. Rf1 Kg7 44. Bc4 Rf6 45. Rxf6 Kxf6 46. Ra1 Re5 47. Rf1+ Rf5 48. Rxf5+ gxf5 49. Bb3 Ke5 50. Kf3 f6 51. Ba4 Bc7 52. Bd7 Kd4 53. h3 Kc3 54. g4 Kxc2 55. Bxf5+ Kc1 0-1

[Event "European Online Club-ch-F 2021"]
[Site "Online"]
[Date "2021.03.27"]
[Round "6.2"]
[White "Karaoglan, Doruk"]
[Black "Graeffe, Petri"]
[Result "1-0"]
[ECO "B25"]
[WhiteElo "2230"]
[BlackElo "2043"]
[Annotator "NA"]
[PlyCount "59"]
[EventDate "2021.03.27"]
[EventType "team-tourn"]
[EventCountry "NET"]
[SourceTitle "playchess.com"]
[Source "ChessBase"]
[SourceQuality "1"]
[TimeControl "900+5"]

1. e4 c5 2. Nc3 Nc6 3. g3 e6 4. Bg2 g6 5. d3 Bg7 6. Be3 d6 7. f4 Nge7 8. Nf3 Nd4 9. O-O O-O 10. e5 Nef5 11. Bf2 dxe5 12. Nxe5 Qc7 13. Ne4 f6 14. Nc4 b5 15. Ncd2 Rb8 16. c3 Nc6 17. Nxc5 e5 18. fxe5 fxe5 19. Nde4 Bh6 20. Qe2 b4 21. Rae1 Kg7 22. g4 bxc3 23. bxc3 Na5 24. gxf5 gxf5 25. Ng3 f4 26. Nh5+ Kh8 27. Qxe5+ Qxe5 28. Rxe5 Bg7 29. Nxg7 Kxg7 30. Bd4 1-0

[Event "European Online Club-ch-F 2021"]
[Site "Online"]
[Date "2021.03.27"]
[Round "6.3"]
[White "Puittinen, Mika"]
[Black "Apaydin, Fethi"]
[Result "0-1"]
[ECO "A27"]
[WhiteElo "2007"]
[BlackElo "2260"]
[Annotator "NA"]
[PlyCount "49"]
[EventDate "2021.03.27"]
[EventType "team-tourn"]
[EventCountry "NET"]
[SourceTitle "playchess.com"]
[Source "ChessBase"]
[SourceQuality "1"]
[TimeControl "900+5"]

1. c4 e5 2. Nc3 Nc6 3. Nf3 g6 4. d4 exd4 5. Nxd4 Bg7 6. Nc2 Nf6 7. g3 O-O 8. Bg2 Ne5 9. Ne3 d6 10. Qc2 Rb8 11. O-O a6 12. f4 Neg4 13. Nxg4 Nxg4 14. Qd3 c6 15. h3 Qb6+ 16. e3 Bf5 17. Qe2 Nf6 18. Kh2 Rfe8 19. Rd1 Rbd8 20. e4 Nxe4 21. Nxe4 Bxe4 22. Bxe4 d5 23. Be3 Rxe4 24. Bxb6 Rxe2+ 25. Kg1 0-1

[Event "European Online Club-ch-F 2021"]
[Site "Online"]
[Date "2021.03.27"]
[Round "6.4"]
[White "Camlar, Arda"]
[Black "Kivilahti, Rami"]
[Result "1-0"]
[ECO "A11"]
[WhiteElo "1934"]
[BlackElo "1962"]
[Annotator "NA"]
[PlyCount "67"]
[EventDate "2021.03.27"]
[EventType "team-tourn"]
[EventCountry "NET"]
[SourceTitle "playchess.com"]
[Source "ChessBase"]
[SourceQuality "1"]
[TimeControl "900+5"]

1. g3 c6 2. Bg2 d5 3. Nf3 Nf6 4. c4 dxc4 5. a4 Be6 6. Qc2 g6 7. Ng5 Bd7 8. Qxc4 e6 9. Nc3 Bg7 10. O-O O-O 11. d4 h6 12. Nge4 a5 13. Nxf6+ Qxf6 14. Ne4 Qe7 15. Bf4 e5 16. dxe5 g5 17. Nf6+ Bxf6 18. exf6 Qxf6 19. Bd2 Be6 20. Qc1 Nd7 21. Bc3 Qf5 22. f4 Qc5+ 23. Kh1 Bg4 24. e4 f6 25. Qc2 Bh5 26. e5 fxe5 27. g4 Bf7 28. Rad1 Rad8 29. fxe5 Nxe5 30. Rxd8 Rxd8 31. Qf5 Bd5 32. Qxe5 Bxg2+ 33. Kxg2 Rd1 34. Qh8# 1-0

[Event "European Online Club-ch-F 2021"]
[Site "Online"]
[Date "2021.03.27"]
[Round "6.5"]
[White "Gorodetzky, Matan"]
[Black "Sochacki, Christophe"]
[Result "0-1"]
[ECO "B01"]
[WhiteElo "2253"]
[BlackElo "2477"]
[Annotator "ChessBase"]
[PlyCount "90"]
[EventDate "2021.03.27"]
[EventType "team-tourn"]
[EventCountry "NET"]
[SourceTitle "playchess.com"]
[Source "ChessBase"]
[SourceQuality "1"]
[TimeControl "900+5"]

1. e4 Nc6 2. Nf3 d5 3. exd5 Qxd5 4. Nc3 Qa5 5. h3 e5 6. Bc4 Bf5 7. O-O Nf6 8. Re1 Bb4 9. Bb5 Bxc3 10. Bxc6+ bxc6 11. bxc3 e4 12. Nd4 Bg6 13. Qe2 O-O 14. Nxc6 Qc5 15. Nd4 Qd5 16. Qb5 c5 17. Nb3 Rfc8 18. c4 Qh5 19. Bb2 Rab8 20. Qa6 Bf5 21. Bxf6 Rb6 22. Qxa7 Rxf6 23. Re3 h6 24. a4 Rg6 25. Kf1 Be6 26. d3 f5 27. Nxc5 f4 28. Nxe6 fxe3 29. Nf4 Qe5 30. Nxg6 Qxa1+ 31. Ke2 exd3+ 32. cxd3 exf2 33. Ne7+ Kh7 34. Qxf2 Re8 35. Qf5+ Kh8 36. Qe6 Qf6 37. Qxf6 gxf6 38. d4 Kg7 39. c5 Kf7 40. Kd3 Kxe7 41. d5 Ra8 42. Ke4 Rxa4+ 43. Kf5 Rc4 44. d6+ Kf7 45. d7 Rxc5+ 0-1

[Event "European Online Club-ch-F 2021"]
[Site "Online"]
[Date "2021.03.27"]
[Round "6.6"]
[White "Maatoug, Redwan"]
[Black "Katkov, Michelle"]
[Result "1-0"]
[ECO "C52"]
[WhiteElo "2202"]
[BlackElo "2078"]
[Annotator "NA"]
[PlyCount "91"]
[EventDate "2021.03.27"]
[EventType "team-tourn"]
[EventCountry "NET"]
[SourceTitle "playchess.com"]
[Source "ChessBase"]
[SourceQuality "1"]
[TimeControl "900+5"]

1. e4 e5 2. Nf3 Nc6 3. Bc4 Bc5 4. O-O Nf6 5. b4 Bxb4 6. c3 Ba5 7. d4 d6 8. Bg5 h6 9. Bh4 Bg4 10. Qb3 Bxf3 11. Bxf7+ Kf8 12. gxf3 exd4 13. cxd4 Nxd4 14. Qd3 Kxf7 15. Qxd4 Qe7 16. Na3 Bb6 17. Qd3 Rhf8 18. Nc4 Kg8 19. Ne3 Bxe3 20. fxe3 Rae8 21. Qb3+ Kh8 22. Qxb7 d5 23. Bxf6 Rxf6 24. Qxd5 Rg6+ 25. Kh1 Rd8 26. Qf5 Rg5 27. Qh3 Rd2 28. Rad1 Qd8 29. Rxd2 Qxd2 30. f4 Ra5 31. Qg3 Rxa2 32. Rg1 Qb2 33. f5 c5 34. Rd1 Ra1 35. Rxa1 Qxa1+ 36. Kg2 Qb2+ 37. Kh3 c4 38. e5 Qc2 39. Qf3 c3 40. f6 gxf6 41. exf6 Kg8 42. Qd5+ Kf8 43. Qd8+ Kf7 44. Qe7+ Kg6 45. Qg7+ Kf5 46. Qh7+ 1-0

[Event "European Online Club-ch-F 2021"]
[Site "Online"]
[Date "2021.03.27"]
[Round "6.7"]
[White "Stolyarsky, Yegor"]
[Black "Cantin, Loic"]
[Result "1-0"]
[ECO "D11"]
[WhiteElo "2063"]
[BlackElo "2182"]
[Annotator "NA"]
[PlyCount "155"]
[EventDate "2021.03.27"]
[EventType "team-tourn"]
[EventCountry "NET"]
[SourceTitle "playchess.com"]
[Source "ChessBase"]
[SourceQuality "1"]
[TimeControl "900+5"]

1. d4 d5 2. Nf3 Nf6 3. g3 c6 4. Bg2 Bf5 5. O-O e6 6. c4 Nbd7 7. Nc3 h6 8. b3 Bd6 9. Bb2 O-O 10. Nd2 Qe7 11. e4 dxe4 12. Ndxe4 Nxe4 13. Nxe4 Bb4 14. Qe2 Rfe8 15. a3 Ba5 16. b4 Bc7 17. Rfe1 Rad8 18. Rad1 a5 19. Bc3 Ra8 20. d5 cxd5 21. cxd5 Bxe4 22. Qxe4 Nf6 23. Bxf6 Qxf6 24. d6 Bb6 25. Re2 Rab8 26. bxa5 Bxa5 27. Qe5 Bb6 28. Qxf6 gxf6 29. Rb2 Bc5 30. Rb5 Bxa3 31. Rd3 Bc1 32. Rc3 Rec8 33. Rxb7 Bd2 34. Rc2 Ba5 35. d7 Rxc2 36. Rxb8+ Kg7 37. d8=Q Bxd8 38. Rxd8 Rc1+ 39. Bf1 f5 40. Kg2 Rc2 41. Bd3 Rc7 42. Bb5 Rb7 43. Bc6 Rc7 44. Bf3 e5 45. Bd5 Re7 46. Kf3 Ra7 47. Rb8 Ra3+ 48. Rb3 Ra7 49. Rb7 Ra3+ 50. Ke2 Kg6 51. Bxf7+ Kf6 52. Bd5 e4 53. Rb3 Ra5 54. Bg8 Ke5 55. Ke3 Rc5 56. f4+ exf3 57. Kxf3 Kf6 58. Rb6+ Kg7 59. Be6 Kf6 60. Bb3+ Kg7 61. Kf4 Ra5 62. h4 Rc5 63. h5 Ra5 64. Rg6+ Kh7 65. Bc2 Rc5 66. Bxf5 Kh8 67. Rxh6+ Kg7 68. Re6 Rc4+ 69. Kg5 Kf8 70. h6 Kf7 71. h7 Rc8 72. Rf6+ Kg7 73. Bxc8 Kh8 74. Rg6 Kxh7 75. Kf6 Kh8 76. Rh6+ Kg8 77. Be6+ Kf8 78. Rh8# 1-0

[Event "European Online Club-ch-F 2021"]
[Site "Online"]
[Date "2021.03.27"]
[Round "6.8"]
[White "Saatdjian, Stephane"]
[Black "Gleizer, Adar"]
[Result "1-0"]
[ECO "C30"]
[WhiteElo "2131"]
[BlackElo "1833"]
[Annotator "NA"]
[PlyCount "81"]
[EventDate "2021.03.27"]
[EventType "team-tourn"]
[EventCountry "NET"]
[SourceTitle "playchess.com"]
[Source "ChessBase"]
[SourceQuality "1"]
[TimeControl "900+5"]

1. e4 e5 2. Bc4 Nf6 3. d3 Bc5 4. Nc3 Nc6 5. f4 d6 6. Nf3 Bg4 7. Na4 Bb6 8. Nxb6 axb6 9. a3 Nd4 10. c3 Nxf3+ 11. gxf3 Bh3 12. Rg1 Nh5 13. fxe5 Qh4+ 14. Ke2 dxe5 15. Qe1 Nf4+ 16. Bxf4 Qxf4 17. Qg3 Qxg3 18. Rxg3 Be6 19. Bxe6 fxe6 20. Rxg7 O-O-O 21. Rag1 Rd7 22. Rg8+ Rxg8 23. Rxg8+ Rd8 24. Rxd8+ Kxd8 25. Ke3 Ke7 26. f4 exf4+ 27. Kxf4 Kf6 28. d4 c6 29. c4 b5 30. cxb5 cxb5 31. d5 exd5 32. exd5 h6 33. h4 Ke7 34. Ke5 Kd7 35. d6 b4 36. axb4 Kd8 37. Ke6 Ke8 38. h5 Kd8 39. d7 b5 40. b3 Kc7 41. Ke7 1-0

[Event "European Online Club-ch-F 2021"]
[Site "Online"]
[Date "2021.03.27"]
[Round "6.9"]
[White "Maghsoodloo, Parham"]
[Black "Hellers, Ferdinand"]
[Result "1-0"]
[ECO "A72"]
[WhiteElo "2676"]
[BlackElo "2592"]
[Annotator "ChessBase"]
[PlyCount "47"]
[EventDate "2021.03.27"]
[EventType "team-tourn"]
[EventCountry "NET"]
[SourceTitle "playchess.com"]
[Source "ChessBase"]
[SourceQuality "1"]
[TimeControl "900+5"]

1. d4 Nf6 2. c4 c5 3. d5 e6 4. Nc3 exd5 5. cxd5 d6 6. e4 g6 7. Be2 Bg7 8. Bg5 h6 9. Bh4 O-O 10. Nf3 g5 11. Bg3 Nh5 12. Nd2 Nxg3 13. hxg3 Nd7 14. Nc4 Nf6 15. a4 Rb8 16. Qc2 Re8 17. O-O-O b6 18. f4 Ng4 19. Nb5 Bf8 20. Nxa7 Bd7 21. e5 dxe5 22. Nc6 Qf6 23. fxe5 Nxe5 24. Rhf1 1-0

[Event "European Online Club-ch-F 2021"]
[Site "Online"]
[Date "2021.03.27"]
[Round "6.10"]
[White "Rogule, Laura"]
[Black "Van Wely, Loek"]
[Result "1/2-1/2"]
[ECO "E60"]
[WhiteElo "2286"]
[BlackElo "2620"]
[Annotator "ChessBase"]
[PlyCount "118"]
[EventDate "2021.03.27"]
[EventType "team-tourn"]
[EventCountry "NET"]
[SourceTitle "playchess.com"]
[Source "ChessBase"]
[SourceQuality "1"]
[TimeControl "900+5"]

1. d4 Nf6 2. c4 g6 3. Nf3 Bg7 4. g3 c5 5. d5 b5 6. cxb5 a6 7. bxa6 d6 8. Nc3 O-O 9. Bg2 Nxa6 10. O-O Bf5 11. Nh4 Bd7 12. f4 Qb6 13. Kh1 c4 14. e4 Nb4 15. e5 Ng4 16. e6 Nf2+ 17. Rxf2 Qxf2 18. exd7 Nd3 19. Ne4 Qb6 20. f5 Bxb2 21. Bxb2 Qxb2 22. f6 exf6 23. Rb1 Qe5 24. Qf1 f5 25. Nd2 Rxa2 26. Nhf3 Qe3 27. Nxc4 Nf2+ 28. Kg1 Qc5 29. Ncd2 Ne4+ 30. Kh1 Nxd2 31. Nxd2 Rxd2 32. Qe1 Qd4 33. Rc1 Kg7 34. h4 Qb2 35. Bf3 Rd8 36. Rc7 Rd3 37. Bg2 Rxg3 38. Qxg3 Qb6 39. Qc3+ Kh6 40. Qc6 Qf2 41. Qc1+ f4 42. Rc4 Qxh4+ 43. Kg1 g5 44. Qc3 Kg6 45. Qd3+ f5 46. Qe2 Qg3 47. Qe6+ Kg7 48. Qe7+ Kg6 49. Qxd6+ Kh5 50. Qe5 Rxd7 51. Qe8+ Kg4 52. Qxd7 Qe1+ 53. Kh2 Qg3+ 54. Kg1 Qe1+ 55. Bf1 Qg3+ 56. Kh1 Qh4+ 57. Kg1 Qg3+ 58. Kh1 Qh4+ 59. Kg1 Qg3+ 1/2-1/2

[Event "European Online Club-ch-F 2021"]
[Site "Online"]
[Date "2021.03.27"]
[Round "6.11"]
[White "Hamdouchi, Hicham"]
[Black "Reizniece-Ozola, Dana"]
[Result "1/2-1/2"]
[ECO "B06"]
[WhiteElo "2561"]
[BlackElo "2279"]
[Annotator "ChessBase"]
[PlyCount "109"]
[EventDate "2021.03.27"]
[EventType "team-tourn"]
[EventCountry "NET"]
[SourceTitle "playchess.com"]
[Source "ChessBase"]
[SourceQuality "1"]
[TimeControl "900+5"]

1. e4 g6 2. d4 Bg7 3. Nc3 d6 4. Be3 a6 5. h4 h5 6. Nf3 b5 7. Ng5 Bb7 8. Qd2 Nd7 9. a4 c6 10. Bd3 Ngf6 11. f3 Qc7 12. Ne2 e5 13. c4 bxc4 14. Bxc4 d5 15. Ba2 O-O 16. Rc1 exd4 17. Nxd4 Qg3+ 18. Kf1 Qd6 19. Nb3 Rac8 20. Nc5 Qb8 21. Nxd7 Nxd7 22. Bd4 Bxd4 23. Qxd4 Qf4 24. Kf2 c5 25. Qe3 Qxe3+ 26. Kxe3 d4+ 27. Kd2 Ne5 28. f4 Ng4 29. a5 Ne3 30. g3 c4 31. Rhe1 Rfe8 32. Rxe3 dxe3+ 33. Kxe3 Bxe4 34. Nxe4 f5 35. Rxc4 Rxc4 36. Bxc4+ Kf8 37. Bxa6 Rxe4+ 38. Kd3 Ra4 39. b4 Rxb4 40. Bc4 Ke7 41. a6 Ra4 42. Kc3 Kd6 43. Kb3 Ra1 44. Kb2 Ra5 45. Bf7 Ke7 46. Bxg6 Kf6 47. Bxh5 Rxa6 48. g4 fxg4 49. Bxg4 Ra4 50. Bd1 Rxf4 51. h5 Rh4 52. Kc3 Kg5 53. Kd2 Rh1 54. Be2 Rxh5 55. Bxh5 1/2-1/2